 Dungeon Crawl Stone Soup version 0.27.1-1-g398f81649c (webtiles) character file.

Game seed: 10146321689952061761

67110 calewdscratch the Geomancer (level 15, -22/92 HPs)
             Began as a Gargoyle Earth Elementalist on Sept 12, 2021.
             Was a High Priest of Vehumet.
             Killed from afar by Frances (39 damage)
             ... with a shard of ice
             ... on level 12 of the Dungeon on Sept 16, 2021.
             The game lasted 06:57:35 (30896 turns).

calewdscratch the Geomancer (GrEE)                 Turns: 30896, Time: 06:57:36

Health: -22/92     AC: 22    Str: 13    XL:     15   Next: 22%
Magic:  3/29       EV: 13    Int: 27    God:    Vehumet [*****.]
Gold:   1885       SH:  4    Dex: 10    Spells: 9/35 levels left

rFire    + + .     SeeInvis .   T - +5 flail of the Living Dead {speed, rPois}
rCold    + . .     Faith    .   E - +0 buckler
rNeg     + . .     Spirit   .   G - +0 leather armour {rF+}
rPois    ∞         Reflect  .   I - +1 helmet
rElec    +         Harm     .   r - +2 cloak
rCorr    +         Rampage  .   W - +0 pair of gloves
Will     +....                  s - +0 pair of boots
Stlth    ++........             g - amulet of regeneration
HPRegen  1.25/turn              v - +4 ring of slaying
MPRegen  0.21/turn              Q - +6 ring of intelligence

@: resistant, flying
A: sickness immunity, AC +11, big wings, negative energy resistance 1,
electricity resistance, torment resistance 1, petrification resistance
a: Renounce Religion


You were on level 12 of the Dungeon.
You worshipped Vehumet.
Vehumet was extremely pleased with you.
You visited 3 branches of the dungeon, and saw 19 of its levels.

You collected 2167 gold pieces.
You spent 282 gold pieces at shops.

Inventory:

Hand Weapons
 N - a +5 mace of freezing
 T - the +5 flail of the Living Dead (weapon) {speed, rPois}
   (You bought it in a shop on level 2 of the Dungeon)

   Attacks with this weapon are significantly faster.
   rPois:     It protects you from poison.
Missiles
 c - 325 stones
Armour
 r - a +2 cloak (worn)
 s - a +0 pair of boots (worn)
 E - a +0 buckler (worn)
 G - a +0 leather armour of fire resistance (worn)
 I - a +1 helmet (worn)
 W - a +0 pair of gloves (worn)
Magical Staves
 x - a staff of earth
Jewellery
 g - an amulet of regeneration (around neck)
 v - a +4 ring of slaying (left hand)
 K - a ring of positive energy
 Q - a +6 ring of intelligence (right hand)
Wands
 e - a wand of digging (10)
 y - a wand of flame (38)
 F - a wand of acid (6)
 J - a wand of polymorph (9)
 L - a wand of paralysis (8)
 P - a wand of mindburst (20)
 V - a wand of charming (12)
 Z - a wand of iceblast (7)
Scrolls
 a - 2 scrolls of magic mapping
 d - 5 scrolls of amnesia
 f - 3 scrolls of vulnerability
 i - 5 scrolls of enchant weapon
 j - 2 scrolls of enchant armour
 l - 5 scrolls of identify
 q - 6 scrolls of teleportation
 t - 2 scrolls of torment
 u - 2 scrolls of acquirement
 w - a scroll of fog
 B - a scroll of immolation
 M - 4 scrolls of fear
Potions
 b - a potion of attraction {unknown}
 k - 3 potions of brilliance
 m - 3 potions of mutation
 A - 2 potions of cancellation
 C - 2 potions of haste
 H - 7 potions of curing
 R - 2 potions of magic
 U - a potion of might
 Y - a potion of berserk rage


   Skills:
 + Level 10.0 Fighting
 + Level 9.0 Maces & Flails
 - Level 5.0 Armour
 * Level 6.6 Dodging
 - Level 2.2 Stealth
 - Level 4.0 Shields
 + Level 10.7 Spellcasting
 + Level 10.6 Conjurations
 + Level 7.0 Hexes
 - Level 3.0 Translocations
 - Level 0.7 Transmutations
 + Level 5.8 Fire Magic
 - Level 5.0 Ice Magic
 + Level 11.9 Earth Magic
 - Level 1.2 Poison Magic
 - Level 3.0 Evocations


You had 9 spell levels left.
You knew the following spells:

 Your Spells              Type           Power      Damage    Failure   Level
a - Sandblast             Erth           100%       2d20      1%          1
b - Stone Arrow           Conj/Erth      100%       3d13      1%          3
c - Searing Ray           Conj           100%       3d7       1%          2
d - Blink                 Tloc           N/A        N/A       2%          2
e - Ozocubu's Armour      Ice            41%        N/A       1%          3
f - Fulminant Prism       Conj/Hex       29%        3d14      1%          4
g - Iron Shot             Conj/Erth      33%        9d7       2%          6
l - Lee's Rapid Deconstr  Erth           34%        3d18*     1%          5

Your spell library contained the following spells:

 Spells                   Type           Power      Damage    Failure   Level
 Foxfire                  Conj/Fire      100%       2x1d9     1%          1
 Magic Dart               Conj           100%       1d8       1%          1
 Passwall                 Tmut/Erth      40%        N/A       1%          2
 Conjure Flame            Conj/Fire      56%        6-21      1%          3
 Ignite Poison            Fire/Tmut/Pois 28%        N/A       1%          3
 Inner Flame              Hex/Fire       49%        N/A       1%          3
 Tukima's Dance           Hex            51%        N/A       1%          3
 Sticky Flame             Conj/Fire      56%        2d7       1%          4
 Bolt of Magma            Conj/Fire/Erth 30%        4d14      1%          5
 Cause Fear               Hex            25%        N/A       2%          4
 Beastly Appendage        Tmut           36%        N/A       3%          1
 Petrify                  Tmut/Erth      48%        N/A       3%          4
 Animate Skeleton         Necr           28%        N/A       4%          1
 Pain                     Necr           56%        1d6       4%          1
 Lesser Beckoning         Tloc           15%        N/A       4%          3
 Yara's Violent Unravell  Hex/Tmut       17%        3d8       8%          5
 Vampiric Draining        Necr           7%         2d7       14%         3
 Passage of Golubria      Tloc           N/A        N/A       14%         4
 Manifold Assault         Tloc           30%        N/A       36%         5
 Summon Forest            Summ/Tloc      11%        N/A       58%         5
 Eringya's Noxious Bog    Tmut/Pois      9%         N/A       75%         6
 Ozocubu's Refrigeration  Ice            20%        4d9       75%         7
 Storm Form               Tmut/Air       8%         N/A       100%        7
 Summon Hydra             Summ           7%         N/A       100%        7
 Discord                  Hex            25%        N/A       100%        8
 Maxwell's Capacitive Co  Air            7%         ∞         100%        8


Dungeon Overview and Level Annotations

Branches:
Dungeon (12/15)            Temple (1/1) D:7            Lair (6/6) D:10
  Swamp (0/4) Lair:2       Spider (0/4) Lair:3        Slime (0/5) Lair:6
    Orc (0/2) D:11

Altars:
Ashenzari
Cheibriados
Dithmenos
Elyvilon
Fedhas
Gozag
Hepliaklqana
Kikubaaqudgha
Makhleb
Nemelex Xobeh
Okawaru
Qazlal
Ru
Sif Muna
Trog
Uskayaw
Vehumet
Wu Jian
Xom
Yredelemnul
Zin
The Shining One
Jiyva
Lugonu

Shops:
D:2 *   D:7 [

Portals:
Abyss: Lair:6

Annotations:
D:10 1 runed translucent door, pkoi's ghost, novice TrAr
D:12 Frances


Innate Abilities, Weirdness & Mutations

You are immune to sickness and miasma.
Your stone body is resilient. (AC +11)
You are immune to poison.
Your large and strong wings let you fly.
You resist negative energy. (rN+)
You are resistant to electric shocks. (rElec)
You are resistant to unholy torment.
You are immune to petrification.


Message History

The sun demon is severely wounded.
The sun demon hits you but does no damage.
Frances barely misses you. The ynoxinul completely misses you.
The sun demon hits you!
You are engulfed in flames.
You resist.
* * * LOW HITPOINT WARNING * * *
The orange demon misses you.
Your fulminant prism explodes!
The blast of energy engulfs the orange demon!!!
The orange demon is severely wounded.
The blast of energy engulfs Frances!!
Frances is moderately wounded.
The blast of energy engulfs the sun demon!!
You kill the sun demon!
The blast of energy engulfs the ynoxinul!!!
You kill the ynoxinul!
Okay, then.
Unknown command.
Press: ? - help, v - describe, . - travel
Here: an orange demon (severely wounded, summoned)
The floor.
You feel much better.
Frances chants phrases taken from a devil's mouth.
The shard of ice hits you!! You partially resist.
* * * LOW HITPOINT WARNING * * *
The orange demon stings you but does no damage.
Frances hits you from afar with a +0 halberd!
* * * LOW HITPOINT WARNING * * *
Hit: T) +5 flail of the Living Dead {speed, rPois}
Press: ? - help, Dir - move target, f - you
Okay, then.
Aiming: Iceblast
Press: ? - help, Shift-Dir - straight line, f - orange demon
Aim: an orange demon (severely wounded, summoned)
The mass of ice explodes!
The iceblast engulfs the orange demon!
You kill the orange demon!
The iceblast engulfs Frances!!
Frances is heavily wounded.
Frances chants phrases taken from a devil's mouth.
The shard of ice hits you!!! You partially resist.
You die...

####.# ' #.# # ####
####.# .... #....#
.... #....### ...
.... #...... ...
.... #.@..######'#
.(.. #....#......#
.... #.@..#......#
..## #....#......#
. #. #....'......#
#. #....'......#
..#.
#....#####'##....#.
#................#.
#####............#.
#.######'#...#.
#.#......#...#.


You could see Frances (fast).

Vanquished Creatures
  The ghost of Captinkiss the Spry, a journeyman DEFE of Vehumet (Lair:6)
  Josephine (D:12)
  8 hydras
  4 two-headed ogres
  6 death yaks
  3 thrashing horrors (Lair:6)
  Sonja (Lair:5)
  2 large abominations (Lair:6)
  A swamp dragon (shapeshifter) (Lair:6)
  A deep elf zephyrmancer (D:12)
  2 wizards (D:12)
  An orc knight (D:11)
  4 ugly things
  A deep elf pyromancer (D:12)
  A cyclops (D:12)
  An oklob plant (Lair:5)
  14 elephants
  A smoke demon (Lair:6)
  5 black mambas
  2 torpor snails (Lair:6)
  12 cane toads
  3 rime drakes
  15 komodo dragons
  A kobold demonologist (D:11)
  An ancient zyme (Lair:6)
  2 polar bears
  5 trolls
  A hornet (D:8)
  Prince Ribbit (D:8)
  11 dream sheep
  19 blink frogs
  2 spriggans (Lair:6)
  A shadow (D:11)
  55 yaks
  A vampire (D:9)
  3 wyverns
  6 wraiths
  2 ynoxinuls (Lair:6)
  A steam dragon (D:9)
  8 vampire mosquitoes
  4 chaos spawn (Lair:6)
  7 basilisks
  Menkaure (D:5)
  Duvessa (D:7)
  15 water moccasins
  An ice beast (D:5)
  2 sky beasts
  11 orc warriors
  5 black bears
  A hornet zombie (D:6)
  A necrophage (D:3)
  3 ogres
  11 small abominations (Lair:6)
  4 wolves (Lair:5)
  5 centaurs
  6 kobold brigands
  11 bullfrogs
  4 gnoll sergeants
  6 scorpions
  Dowan (D:7)
  A wyvern skeleton (D:7)
  3 killer bees (D:9)
  4 wights (D:10)
  3 electric eels
  2 howler monkeys
  2 bullfrog zombies (D:6)
  6 orc priests
  3 hounds
  4 centaur zombies
  9 jellies
  An orc wizard (D:3)
  3 iguanas (D:5)
  6 hell rats (Lair:2)
  A killer bee zombie (D:6)
  A howler monkey zombie (D:6)
  8 adders
  17 gnolls
  2 shadow imps
  12 white imps (D:12)
  4 worms
  10 dart slugs (D:3)
  27 orcs
  2 ball pythons
  19 endoplasms
  7 giant cockroaches
  12 goblins
  13 hobgoblins
  3 jackals (D:1)
  8 quokkas
  5 bats
  4 frilled lizards
  45 kobolds
  9 rats
  A spectral hobgoblin (D:10)
  3 fulminant prisms
570 creatures vanquished.

Vanquished Creatures (others)
  A basilisk (Lair:6)
  24 fulminant prisms
  70 fungi
  72 plants
167 creatures vanquished.

Grand Total: 737 creatures vanquished

Notes
Turn   | Place    | Note
-------+----------+-------------------------------------------
     0 | D:1      | calewdscratch the Gargoyle Earth Elementalist began the
                  | quest for the Orb.
     0 | D:1      | Reached XP level 1. HP: 10/10 MP: 3/3
    59 | D:1      | Found a faded altar of an unknown god.
   168 | D:1      | Reached XP level 2. HP: 15/15 MP: 1/5
   267 | D:1      | Reached skill level 4 in Earth Magic
   814 | D:1      | Reached skill level 1 in Conjurations
  1039 | D:2      | Reached XP level 3. HP: 16/19 MP: 0/6
  1639 | D:2      | Found Wanetod's Assorted Antiques.
  1742 | D:2      | Reached XP level 4. HP: 24/24 MP: 5/8
  2015 | D:3      | Found an iron altar of Okawaru.
  2066 | D:3      | Learned a level 3 spell: Stone Arrow
  2323 | D:2      | Reached XP level 5. HP: 28/28 MP: 5/9
  2370 | D:3      | Reached skill level 1 in Translocations
  3105 | D:3      | Learned a level 2 spell: Blink
  3486 | D:4      | Noticed a necrophage
  3506 | D:3      | Killed a necrophage
  3507 | D:3      | Reached skill level 5 in Earth Magic
  3507 | D:3      | Reached XP level 6. HP: 27/32 MP: 2/11
  3582 | D:4      | Noticed a sky beast
  4085 | D:4      | Found a sacrificial altar of Ru.
  4159 | D:4      | Found a shadowy altar of Dithmenos.
  4773 | D:4      | Killed a sky beast
  4774 | D:4      | Reached XP level 7. HP: 36/36 MP: 0/12
  4909 | D:5      | Entered Level 5 of the Dungeon
  5378 | D:5      | Reached skill level 1 in Fighting
  5378 | D:5      | Reached skill level 1 in Maces & Flails
  5393 | D:5      | Found a stormy altar of Qazlal.
  5456 | D:5      | Found an opulent altar of Gozag.
  5681 | D:5      | Noticed Menkaure
  5685 | D:5      | Killed Menkaure
  5686 | D:5      | Reached skill level 1 in Ice Magic
  5686 | D:5      | Reached XP level 8. HP: 44/44 MP: 6/15
  6599 | D:5      | Reached skill level 6 in Earth Magic
  6775 | D:5      | Reached skill level 5 in Spellcasting
  7222 | D:6      | Learned a level 2 spell: Searing Ray
  7243 | D:6      | Found a basalt altar of Yredelemnul.
  7512 | D:6      | Reached skill level 1 in Armour
  7880 | D:7      | Learned a level 3 spell: Ozocubu's Armour
  7936 | D:7      | Reached skill level 5 in Conjurations
  7936 | D:7      | Reached XP level 9. HP: 33/50 MP: 3/17
  8109 | D:7      | Found a staircase to the Ecumenical Temple.
  8130 | Temple   | Entered the Ecumenical Temple
  8415 | D:7      | Found a blossoming altar of Fedhas.
  8512 | D:7      | Found a glowing silver altar of Zin.
  8584 | D:7      | Reached skill level 1 in Shields
  8622 | D:7      | Noticed Duvessa
  8622 | D:7      | Noticed Dowan
  8627 | D:7      | Killed Duvessa
  8632 | D:7      | Killed Dowan
  8765 | D:7      | Found a snail-covered altar of Cheibriados.
  8767 | D:7      | Found Cheibriados's Comfort Zone.
  9032 | D:7      | Found a broken altar of Ashenzari.
  9312 | D:7      | Reached skill level 7 in Earth Magic
  9773 | D:8      | Found a sand-covered staircase.
 10188 | D:8      | Reached skill level 1 in Hexes
 10313 | D:8      | Found an ancient bone altar of Kikubaaqudgha.
 10352 | D:8      | Noticed a hornet
 10561 | D:8      | Killed a hornet
 10562 | D:8      | Reached XP level 10. HP: 57/57 MP: 11/18
 10612 | D:8      | Noticed Prince Ribbit
 10780 | D:8      | Killed Prince Ribbit
 11037 | D:9      | Found a hide-covered altar of Uskayaw.
 11327 | D:9      | Found a radiant altar of Vehumet.
 11374 | D:9      | Became a worshipper of Vehumet
 11465 | D:9      | Reached skill level 5 in Armour
 11524 | D:9      | Noticed a kobold demonologist
 11525 | D:9      | Noticed a deep elf pyromancer
 11787 | D:9      | Found a bloodstained altar of Trog.
 11810 | D:10     | Entered Level 10 of the Dungeon
 11875 | D:10     | Reached skill level 5 in Fighting
 12086 | D:10     | Noticed a two-headed ogre
 12092 | D:10     | Killed a two-headed ogre
 12093 | D:10     | Reached skill level 1 in Fire Magic
 12297 | D:10     | Reached skill level 8 in Earth Magic
 12533 | D:10     | Found a runed translucent door.
 12533 | D:10     | Noticed pkoi's ghost (novice TrAr)
 12629 | D:10     | Reached XP level 11. HP: 64/64 MP: 11/20
 13197 | D:10     | Found a staircase to the Lair.
 13233 | D:10     | Found a hazy altar of Hepliaklqana.
 13412 | D:2      | Bought a fuming green potion for 27 gold pieces
 13412 | D:2      | Bought an ancient flail for 255 gold pieces
 13412 | D:2      | Identified the +5 flail of the Living Dead {speed, rPois}
                  | (You bought it in a shop on level 2 of the Dungeon)
 13533 | Lair:1   | Entered Level 1 of the Lair of Beasts
 13751 | Lair:1   | Reached skill level 5 in Maces & Flails
 14462 | Lair:1   | Reached skill level 5 in Hexes
 14467 | Lair:1   | Learned a level 4 spell: Fulminant Prism
 14666 | Lair:1   | Reached * piety under Vehumet
 14666 | Lair:1   | Offered knowledge of Freeze by Vehumet.
 15261 | Lair:2   | Reached skill level 9 in Earth Magic
 15329 | Lair:2   | Noticed a four-headed hydra
 15334 | Lair:2   | Killed a four-headed hydra
 15513 | Lair:2   | Found a staircase to the Swamp.
 15540 | Lair:2   | Reached skill level 5 in Ice Magic
 15551 | Lair:2   | Reached XP level 12. HP: 71/71 MP: 4/23
 16738 | Lair:2   | Reached skill level 1 in Evocations
 17481 | Lair:2   | Reached ** piety under Vehumet
 17481 | Lair:2   | Offered knowledge of Poisonous Vapours by Vehumet.
 17533 | Lair:3   | Noticed a death yak
 17534 | Lair:3   | Noticed a death yak
 17539 | Lair:3   | Noticed a death yak
 17548 | Lair:2   | Killed a death yak
 17639 | Lair:2   | Killed a death yak
 17775 | Lair:2   | Killed a death yak
 18086 | Lair:3   | Reached skill level 10 in Earth Magic
 18125 | Lair:3   | Reached skill level 5 in Fire Magic
 18220 | Lair:3   | Found a hole to the Spider Nest.
 18749 | Lair:4   | Noticed a six-headed hydra
 18760 | Lair:4   | Killed a six-headed hydra
 18887 | Lair:3   | Identified 2 scrolls of acquirement
 18887 | Lair:3   | Acquired 958 gold pieces
 18916 | Lair:4   | Reached XP level 13. HP: 78/78 MP: 17/25
 20851 | Lair:4   | Offered knowledge of Frozen Ramparts by Vehumet.
 21527 | Lair:5   | Noticed Sonja
 21558 | Lair:5   | Killed Sonja
 22602 | Lair:5   | Reached *** piety under Vehumet
 22895 | Lair:6   | Entered Level 6 of the Lair of Beasts
 22901 | Lair:6   | Offered knowledge of Hailstorm by Vehumet.
 23266 | Lair:6   | Found a runed translucent door.
 23404 | Lair:6   | Reached skill level 10 in Spellcasting
 24087 | Lair:6   | Gained mutation: Your large and strong wings let you fly.
                  | [Gargoyle growth]
 24087 | Lair:6   | Reached XP level 14. HP: 73/84 MP: 21/28
 24202 | Lair:6   | Reached **** piety under Vehumet
 24205 | Lair:6   | Reached skill level 11 in Earth Magic
 24359 | Lair:6   | Offered knowledge of Lee's Rapid Deconstruction by Vehumet.
 24575 | Lair:6   | Learned a level 5 spell: Lee's Rapid Deconstruction
 24791 | Lair:6   | Noticed Captinkiss's ghost (journeyman DEFE)
 24804 | Lair:6   | Reached skill level 10 in Conjurations
 25066 | Lair:6   | Reached skill level 5 in Dodging
 25422 | Lair:6   | Found a viscous altar of Jiyva.
 25422 | Lair:6   | Found a staircase to the Slime Pits.
 25668 | Lair:6   | Reached ***** piety under Vehumet
 25668 | Lair:6   | Offered knowledge of Iron Shot by Vehumet.
 25763 | Lair:6   | Reached skill level 1 in Poison Magic
 25936 | Lair:6   | Learned a level 6 spell: Iron Shot
 26601 | Lair:6   | Found a corrupted altar of Lugonu.
 26601 | Lair:6   | Found a one-way gate to the infinite horrors of the Abyss.
 26611 | Lair:6   | Identified the +5 ring mail "Genyoj" {Str+3 Dex+4}
 27159 | Lair:6   | Killed Captinkiss's ghost
 29312 | D:11     | Found a staircase to the Orcish Mines.
 29616 | D:11     | Reached XP level 15. HP: 62/92 MP: 9/29
 29882 | D:12     | Found a frozen archway.
 30190 | D:12     | Identified the +4 falchion "Fotriu Inal" {holy, +Blink
                  | rElec Stlth+}
 30258 | D:12     | Noticed Josephine
 30264 | D:12     | Killed Josephine
 30367 | D:12     | Got the Volume of Combed Thunderclap
 30376 | D:12     | Got the Tome of Axaxaxas mlö
 30441 | D:12     | Reached skill level 10 in Fighting
 30619 | D:12     | Got Ahet's Tome of Dhcmrlchtdj
 30879 | D:12     | Noticed Frances
 30888 | D:12     | HP: 3/92 [sun demon[Frances] (9)]
 30890 | D:12     | HP: 1/92 [chaos spawn[Frances] (11)]
 30896 | D:12     | Killed from afar by Frances

Illustrated notes

Levels and vault maps discovered:
D:1:      eino_arrival_tree_alley, layout_basic, basic_ecumenical_altar,
          minmay_distorted
D:2:      layout_basic, serial_shops, shop_fountains
D:3:      kennysheep_slugbush, layout_basic, lemuel_tele_altar,
          hangedman_decor_diamond_cutter, glass_columns_a,
          minmay_misc_feat_doors
D:4:      layout_cave_pools, nicolae_dithmenos_through_a_glass_darkly,
          hangedman_ru_absence
D:5:      corexii_shantytown, layout_basic, grunt_gozag_breadcrumbs,
          nicolae_qazlal_general_emergency, hangedman_decor_push, uniq_menkaure
D:6:      layout_rooms, nicolae_yredelemnul_corpse_copse, st_stairs_1,
          minivault_10
D:7:      layout_cave_pods, fedhas_altar_fruit_tree,
          mainiacjoe_overflow_brackets, zin_statuary,
          minmay_temple_entry_sparse_star, mrwooster_statue_mirror,
          minmay_shop_chei, kennysheep_generic_room_8, uniq_duvessa
D:8:      layout_rooms, kennysheep_little_box, nicolae_ossuary_entry_monument,
          uniq_prince_ribbit1
D:9:      layout_gridville, mainiacjoe_overflow_catwalk,
          mainiacjoe_overflow_six_doors_small, overflow_temple_1_default,
          lightli_corner_chamber
D:10:     layout_layer_cave, nicolae_hepliaklqana_monster_ancestors,
          grunt_lair_entry_orc_guard_hut, hellmonk_ghost_happy_afterlife
D:11:     layout_roguey, kennysheep_orc_monster_closet_entryway
D:12:     layout_irregular_city, portal_ice_cave_entry_imps,
          bh_hangedman_babel_library, uniq_frances, uniq_josephine
Temple:   corrupted_temple
Lair:1:   layout_layer_cave, serial_bayou_shore_b
Lair:2:   layout_roguey, minmay_swamp_entry_swarm, serial_bayou_shore_b,
          lemuel_fruit_fields
Lair:3:   layout_loops_ring, nicolae_spider_entry_non_spiders,
          wad_woods_road_05, grunt_megastairs_2
Lair:4:   layout_big_grid, serial_rivers, chequers_serial_rivers_micro_b,
          chequers_serial_rivers_room_b, chequers_serial_rivers_large_b,
          chequers_serial_rivers_room_a, chequers_serial_rivers_small_b,
          nicolae_lair_grove_arrangements
Lair:5:   lemuel_slime, layout_hall_layers, nicolae_quartered_pool_super,
          uniq_sonja
Lair:6:   hellmonk_lair_end_abyssal_woods, layout_loops_ring,
          dpeg_slime_entry_enclosed_altar, ebering_ghost_reflecting_pool

Skill      XL: |  1  2  3  4  5  6  7  8  9 10 11 12 13 14 15 |
---------------+----------------------------------------------+-----
Earth Magic    | 4 5 6 7 8 9 10 11 | 11.9
Conjurations   | 1 2 3 4 5 6 7 8 9 10 | 10.6
Spellcasting   | 3 4 5 6 7 8 10 | 10.7
Translocations | 2 3 |  3.0
Fighting       | 1 3 4 5 6 7 8 9 10 | 10.0
Maces & Flails | 1 2 3 4 5 6 7 8 9 |  9.0
Ice Magic      | 1 3 5 |  5.0
Armour         | 1 4 5 |  5.0
Shields        | 3 4 |  4.0
Hexes          | 1 4 5 6 7 |  7.0
Fire Magic     | 2 3 5 |  5.8
Evocations     | 2 3 |  3.0
Dodging        | 2 4 6 |  6.6
Poison Magic   | 1 |  1.2
Stealth        | |  2.2
Transmutations | |  0.7

Action                   |  1- 3 |  4- 6 |  7- 9 | 10-12 | 13-15 || total
-------------------------+-------+-------+-------+-------+-------++-------
Melee: Unarmed           |     2 |       |       |       |       ||     2
       Mace              |     9 |       |       |       |       ||     9
       Spear             |       |    24 |       |       |       ||    24
       Flail             |       |       |   119 |   158 |   323 ||   600
       Staff             |       |       |       |     1 |       ||     1
 Cast: Sandblast         |    51 |    69 |    67 |    54 |    95 ||   336
       Stone Arrow       |       |     7 |    84 |   175 |   282 ||   548
       Searing Ray       |       |       |     6 |     7 |    18 ||    31
       Ozocubu's Armour  |       |       |     4 |    17 |    25 ||    46
       Blink             |       |       |     1 |     1 |     2 ||     4
       Fulminant Prism   |       |       |       |       |    27 ||    27
       Iron Shot         |       |       |       |       |    12 ||    12
       Lee's Rapid Decon |       |       |       |       |     1 ||     1
Evoke: Wand              |       |       |       |       |     4 ||     4
  Use: Scroll            |       |       |    16 |    11 |     2 ||    29
       Potion            |       |       |       |       |     6 ||     6
 Stab: Sleeping          |       |       |     1 |       |       ||     1
Armor: Robe              |    12 |    23 |    93 |       |       ||   128
       Leather armour    |       |       |     8 |   141 |   248 ||   397
Dodge: Dodged            |    14 |    29 |   121 |   119 |   293 ||   576
Block: Buckler           |       |       |     1 |    58 |   100 ||   159
